 Dungeon Crawl Stone Soup version 0.27.1-33-g824d729ab1 (webtiles) character file.

Game seed: 9903930962239826669

354 Atelerd the Digger (level 6, 0/36 HPs)
             Began as an Octopode Earth Elementalist on Dec 23, 2021.
             Killed from afar by an orc wizard (8 damage)
             ... with a puff of flame
             ... on level 4 of the Dungeon.
             The game lasted 00:02:36 (4264 turns).

Atelerd the Digger (Octopode Earth Elementalist)    Turns: 4264, Time: 00:02:36

Health: 0/36       AC:  1    Str:  7    XL:     6   Next: 63%
Magic:  5/12       EV: 13    Int: 19    God:
Gold:   137        SH:  0    Dex: 13    Spells: 12/13 levels left

rFire    . . .     SeeInvis .   a - +0 short sword
rCold    . . .     Faith    .   (no shield)
rNeg     . . .     Spirit   .   (helmet restricted)
rPois    .         Reflect  .   (no amulet)
rElec    .         Harm     .   (no ring)
rCorr    .         Rampage  .   (no ring)
Will     .....                  (no ring)
Stlth    +++.......             (no ring)
HPRegen  0.12/turn              (no ring)
MPRegen  0.13/turn              (no ring)
                                (no ring)
                                (no ring)

@: no status effects
A: almost no armour, amphibious, 8 rings, camouflage 1, gelatinous body 1,
(nimble swimmer 1), tentacles
a: no special abilities


You were on level 4 of the Dungeon.
You visited 1 branch of the dungeon, and saw 4 of its levels.

You collected 137 gold pieces.

Inventory:

Hand Weapons
 a - a +0 short sword (weapon)
Missiles
 b - 41 stones
 n - a throwing net
Scrolls
 g - 5 scrolls of identify {unknown}
 h - a scroll of acquirement {unknown}
 j - a scroll of teleportation {unknown}
 k - a scroll of amnesia {unknown}
 m - a scroll of fear {unknown}
 o - a scroll of enchant weapon {unknown}
Potions
 c - 3 potions of curing
 d - a potion of heal wounds {unknown}
 e - a potion of lignification {unknown}
 f - 3 potions of haste {unknown}
 i - a potion of attraction {unknown}
 l - a potion of flight {unknown}
 p - a potion of might {unknown}
 q - a potion of mutation {unknown}


   Skills:
 - Level 2.0 Dodging
 + Level 3.4 Stealth
 + Level 4.1 Spellcasting
 - Level 3.0 Transmutations
 + Level 4.8 Earth Magic


You had 12 spell levels left.
You knew the following spells:

 Your Spells              Type           Power      Damage    Failure   Level
a - Sandblast             Erth           44%        2d11      1%          1

Your spell library contained the following spells:

 Spells                   Type           Power      Damage    Failure   Level
 Passwall                 Tmut/Erth      15%        N/A       4%          2
 Stone Arrow              Conj/Erth      26%        3d8       16%         3
 Petrify                  Tmut/Erth      18%        N/A       26%         4


Dungeon Overview and Level Annotations

Branches:
Dungeon (4/15)
 Temple: D:4-7

Altars:
Okawaru

Shops:
D:2 (

Annotations:
D:3 3 runed translucent doors, Destapler's ghost, amateur FoFi
D:4 Robin


Innate Abilities, Weirdness & Mutations

You cannot wear most types of armour.
You are amphibious.
You can wear up to eight rings at the same time.
Your skin changes colour to match your surroundings (Stealth+).
Your rubbery body absorbs attacks. (AC +1, EV +1)
((You are camouflaged near water. (Stealth+)))
You have tentacles for arms and can constrict up to eight enemies at once.


Message History

Aim: a hobgoblin (severely wounded, 81% to hit)
The blast of sand hits the hobgoblin!
You kill the hobgoblin!
Casting: Sandblast (safe; 1% risk of failure)
Confirm with . or Enter, or press ? or * to list all spells.
Aiming: Sandblast (safe; 1% risk of failure)
Press: ? - help, Shift-Dir - straight line, f - hobgoblin
Aim: a hobgoblin (81% to hit)
The blast of sand hits the hobgoblin!
You kill the hobgoblin!
Casting: Sandblast (safe; 1% risk of failure)
Confirm with . or Enter, or press ? or * to list all spells.
Aiming: Sandblast (safe; 1% risk of failure)
Press: ? - help, Shift-Dir - straight line, f - orc
Aim: an orc, wielding a +0 club and wearing a +0 ring mail (83% to hit)
The blast of sand hits the orc.
The orc is heavily wounded.
Robin says, "Bow before me, strongest of all the hobgoblins!"
Casting: Sandblast (safe; 1% risk of failure)
Confirm with . or Enter, or press ? or * to list all spells.
Aiming: Sandblast (safe; 1% risk of failure)
Press: ? - help, Shift-Dir - straight line, f/p - orc
Aim: an orc, wielding a +0 club and wearing a +0 ring mail (heavily wounded, 83% to hit)
The blast of sand hits the orc!
You kill the orc!
Robin roars a battlecry!
The goblins go into a battle-frenzy!
Your magical contamination has completely faded away.
An orc wizard comes into view. It is wielding a +0 dagger.
The orc wizard shouts!
You hear a shout! x2; You hear an angry hiss.
An orc and an orc priest come into view.
The orc priest shouts!
An orc priest comes into view. It is wielding a +0 club.
The orc priest mumbles some strange prayers to Beogh against you.
Beogh smites you!
* * * LOW HITPOINT WARNING * * *
There is a stone staircase leading up here.
The orc wizard points at you and mumbles some strange words.
The puff of flame hits you!
You die...

##........##..........##
###............##.....# ##
##..[.g.)g).........#
.######...##.####.........
.........##### #......#.
.....###)## #.....##
....####.g## #####..###
#....##gg..###.###...###.#
##..##.gg...>...@g........
##..#........#.#..........
....#......######.........
........#...... ...o......
.....>......##..###.......
............# .. ..o....
............... #......
..)......##...# ..o...
.†........##...


You could see 2 orc priests, an orc wizard and a goblin (strong).

Vanquished Creatures
  A kobold brigand (D:3)
  2 scorpions (D:3)
  A jelly (D:3)
  4 gnolls (D:3)
  3 adders (D:2)
  An adder skeleton (D:4)
  A worm (D:2)
  A dart slug (D:3)
  An orc (D:4)
  6 ball pythons
  5 endoplasms
  3 giant cockroaches
  9 goblins
  9 hobgoblins
  6 jackals
  3 quokkas
  5 bats
  6 frilled lizards
  9 kobolds
  8 rats
84 creatures vanquished.

Notes
Turn   | Place    | Note
-------+----------+-------------------------------------------
     0 | D:1      | Atelerd the Octopode Earth Elementalist began the quest for
                  | the Orb.
     0 | D:1      | Reached XP level 1. HP: 11/11 MP: 3/3
   259 | D:1      | Reached XP level 2. HP: 16/17 MP: 1/5
   935 | D:1      | Reached XP level 3. HP: 20/21 MP: 3/6
  1602 | D:2      | Found Jar Kuth's Antique Weapon Shop.
  1821 | D:2      | Reached XP level 4. HP: 26/27 MP: 5/8
  1850 | D:2      | Found a faded altar of an unknown god.
  2654 | D:3      | Noticed a scorpion
  2662 | D:3      | Killed a scorpion
  2663 | D:3      | Reached XP level 5. HP: 16/31 MP: 7/9
  3077 | D:3      | Noticed a kobold brigand
  3088 | D:3      | Killed a kobold brigand
  3089 | D:3      | Reached XP level 6. HP: 13/36 MP: 7/11
  3652 | D:3      | Found a runed translucent gate.
  3652 | D:3      | Found a runed translucent gate.
  3671 | D:3      | Found a runed translucent gate.
  3671 | D:3      | Noticed Destapler's ghost (amateur FoFi)
  4002 | D:3      | Found an iron altar of Okawaru.
  4222 | D:4      | Noticed Robin
  4264 | D:4      | Killed from afar by an orc wizard

Illustrated notes

Levels and vault maps discovered:
D:1:      dpeg_arrival_simpleton_a, layout_loops_corners, minmay_tromino_v4_a
D:2:      layout_basic, hellmonk_ecumenical_altar_pennies_from_heaven,
          serial_shops, shop, serial_bayou_pond_d
D:3:      layout_loops_ring, mainiacjoe_overflow_alcove_1,
          gammafunk_ghost_nasty_kobolds
D:4:      layout_cave_pools, zin_treasury, uniq_robin, uniq_menkaure,
          uniq_grinder

Skill      XL: |  1  2  3  4  5  6 |
---------------+-------------------+-----
Transmutations | 2 3 |  3.0
Spellcasting   | 3 4 |  4.1
Earth Magic    | 4 |  4.8
Stealth        | 3 |  3.4
Dodging        | |  2.0

Action                   |  1- 3 |  4- 6 || total
-------------------------+-------+-------++-------
Melee: Unarmed           |     7 |       ||     7
       Short sword       |    26 |    36 ||    62
       Constrict         |    11 |    11 ||    22
       Tentacles         |     4 |     7 ||    11
 Cast: Sandblast         |    46 |    49 ||    95
  Use: Potion            |       |     1 ||     1
 Stab: Sleeping          |       |     3 ||     3
Armor: Skin              |     5 |     7 ||    12
Dodge: Dodged            |    36 |    41 ||    77
